 Dungeon Crawl Stone Soup version 0.21.1-1-g345015f (webtiles) character file.

41547 Mgcat the Cleaver (level 14, -1/115 HPs)
             Began as a Barachi Fighter on Mar 11, 2018.
             Was the Champion of Nemelex Xobeh.
             Slain by a black mamba (5 damage)
             ... on level 5 of the Lair of Beasts.
             The game lasted 00:53:02 (16997 turns).

Mgcat the Cleaver (Barachi Fighter)                Turns: 16997, Time: 00:53:03

Health: -1/115     AC: 25    Str: 27    XL:     14   Next: 15%
Magic:  0/20       EV: 13    Int: 12    God:    Nemelex Xobeh [******]
Gold:   1780       SH: 13    Dex: 10    Spells: 13/13 levels left

rFire    + . .     SeeInvis .   K - +8 morningstar of Evil {pain, Int+2}
rCold    + + +     Gourm    .   c - +0 shield
rNeg     . . .     Faith    .   E - +6 scale mail "Erphak" {*Slow +Inv rC+++ Str-5}
rPois    +         Spirit   +   Z - +5 helmet "Gip Kaatz" {rPois Str+6 Dex-4}
rElec    .         Reflect  .   T - +1 cloak
rCorr    .         Harm     .   (no gloves)
MR       +....                  o - +0 pair of boots
Stlth    ..........             q - amulet of guardian spirit {Spirit}
HPRegen  0.29/turn              g - +5 ring of strength
MPRegen  0.17/turn              y - ring "Ehapion" {Wiz rF+ Dex+2}

@: lethally poisoned (-1 -> -13), slow
A: +LOS, swims, slowness 1, strong legs 2
a: Hop, Triple Draw, Deal Four, Stack Five, Renounce Religion, Evoke
Invisibility


You were on level 5 of the Lair of Beasts.
You worshipped Nemelex Xobeh.
Nemelex Xobeh was exalted by your worship.
You were not hungry.

You visited 2 branches of the dungeon, and saw 17 of its levels.

You collected 2165 gold pieces.
You spent 385 gold pieces at shops.

Inventory:

Hand Weapons
 a - a +1 war axe of protection
 K - the +8 morningstar of Evil (weapon) {pain, Int+2}
   (You found it on level 5 of the Lair of Beasts)

   In the hands of one skilled in necromantic magic, it inflicts extra damage on
   living creatures.
   It affects your intelligence (+2).
Missiles
 H - a throwing net {=f, !d}
Armour
 c - a +0 shield (worn)
 o - a +0 pair of boots (worn)
   (You found it on level 10 of the Dungeon)
 E - the +6 scale mail "Erphak" (worn) {*Slow +Inv rC+++ Str-5}
   (You found it on level 6 of the Dungeon)

   It affects your strength (-5).
   It renders you almost immune to cold.
   It lets you turn invisible.
   It may slow you when you take damage.
 T - a +1 cloak (worn)
   (You found it on level 9 of the Dungeon)
 Z - the +5 helmet "Gip Kaatz" (worn) {rPois Str+6 Dex-4}
   (You found it on level 1 of the Lair of Beasts)

   It affects your strength (+6).
   It affects your dexterity (-4).
   It protects you from poison.
Jewellery
 g - a +5 ring of strength (left hand)
   (You found it on level 5 of the Lair of Beasts)
 h - an uncursed ring of protection from magic {MR+, !d}
   (You found it on level 3 of the Dungeon)
 q - an amulet of guardian spirit (around neck) {Spirit}
   (You took it off a hobgoblin on level 2 of the Dungeon)
 y - the ring "Ehapion" (right hand) {Wiz rF+ Dex+2}
   (You found it on level 6 of the Dungeon)

   [ring of wizardry]

   It improves your spell success rate.
   It affects your dexterity (+2).
   It protects you from fire.
 R - an uncursed ring of protection from fire {rF+, !d}
   (You took it off a big kobold on level 9 of the Dungeon)
 S - an uncursed ring of positive energy {rN+}
   (You took it off a tengu warrior on level 9 of the Dungeon)
 V - an uncursed ring of see invisible {sInv, !d}
   (You found it on level 9 of the Dungeon)
Scrolls
 e - a scroll of fog
 p - 5 scrolls of amnesia
 s - a scroll of blinking {!r}
 w - 2 scrolls of magic mapping {!r}
 x - 4 scrolls of teleportation
 C - 6 scrolls of identify
 D - 6 scrolls of remove curse
 L - 2 scrolls of fear
 O - 3 scrolls of immolation {!r}
Potions
 d - 2 potions of heal wounds
 i - 3 potions of invisibility
 m - 2 potions of magic
 r - 4 potions of lignification {!q}
 t - 6 potions of curing
 v - 3 potions of agility
 z - 4 potions of flight
 B - a potion of haste
 I - 3 potions of mutation {!q}
Miscellaneous
 b - an ornate deck of summoning {drawn: 4}
   (Nemelex Xobeh gifted it to you on level 8 of the Dungeon)
 j - an ornate deck of summoning
   (Nemelex Xobeh gifted it to you on level 2 of the Lair of Beasts)
 k - a plain deck of destruction {drawn: 9}
   (Nemelex Xobeh gifted it to you on level 1 of the Lair of Beasts)
 n - an ornate deck of summoning
   (Nemelex Xobeh gifted it to you on level 5 of the Lair of Beasts)
 u - a legendary deck of destruction {drawn: 1}
   (Nemelex Xobeh gifted it to you on level 5 of the Lair of Beasts)
 A - an ornate deck of destruction {drawn: 1}
   (Nemelex Xobeh gifted it to you on level 3 of the Lair of Beasts)
 F - a plain deck of destruction
   (Nemelex Xobeh gifted it to you on level 3 of the Lair of Beasts)
 G - an ornate deck of summoning
   (Nemelex Xobeh gifted it to you on level 4 of the Lair of Beasts)
 N - a phial of floods
   (You found it on level 10 of the Dungeon)
Comestibles
 f - 35 rations
 l - 4 chunks of flesh {@w0}


   Skills:
 + Level 12.0 Fighting
 + Level 13.7 Axes
 + Level 11.7 Armour
 + Level 7.5 Dodging
 + Level 11.0 Shields
 + Level 9.0 Invocations
 - Level 3.8 Evocations


You had 13 spell levels left.
You didn't know any spells.

Dungeon Overview and Level Annotations

Branches:
Dungeon (11/15)            Temple (0/1) D:7            Lair (6/6) D:8
 Shoals (0/4) Lair:3        Snake (0/4) Lair:2
  Slime: Lair:5-6       Orc: D:9-12

Altars:
Cheibriados
Elyvilon
Gozag
Nemelex Xobeh
Qazlal
Ru
Trog
Uskayaw
Xom
Yredelemnul
Zin
The Shining One

Shops:
D:10 ?

Annotations:
Lair:1 exclusion: obsidian statue


Innate Abilities, Weirdness & Mutations

Shadows flee at your approach. (+LOS)
You can swim through water.
You cover ground slowly.
You can hop long distances.


Message History

You closely miss the water moccasin.
The water moccasin is moderately wounded.
You feel sick. You block the black mamba's attack.
The water moccasin bites you but does no damage.
The black mamba bites you but does no damage.
The black mamba bites you! The water moccasin closely misses you.
The soul eater misses your rakshasa.
Your rakshasa closely misses the soul eater.
The black mamba bites you!
You miss the black mamba.
The black mamba is almost dead.
You feel sick. You block the black mamba's attack. The black mamba misses you.
The water moccasin barely misses you. The black mamba bites you!
Your rakshasa hits the soul eater with a whip!
The soul eater misses your rakshasa.
The black mamba bites you but does no damage.
You barely miss the black mamba.
The black mamba is almost dead.
You feel sick. The black mamba closely misses you.
You block the water moccasin's attack. The black mamba barely misses you.
Your rakshasa hits the soul eater but does no damage.
The soul eater hits your rakshasa but does no damage.
The black mamba bites you but does no damage.
You block the water moccasin's attack.
You closely miss the black mamba.
The black mamba is almost dead.
You feel sick. You block the black mamba's attack.
The black mamba barely misses you. The water moccasin barely misses you.
The black mamba bites you but does no damage.
Your rakshasa hits the soul eater with a whip!!
The soul eater closely misses your rakshasa.
You block the black mamba's attack.
You swap places.
The black mamba misses your rakshasa. The water moccasin bites your rakshasa.
Your rakshasa closely misses the black mamba.
You block the soul eater's attack. The black mamba bites you!
The black mamba bites your rakshasa.
The water moccasin closely misses your rakshasa.
You feel sick.
The water moccasin closely misses your rakshasa.
Your rakshasa hits the black mamba with a whip.
You block the black mamba's attack. The black mamba bites your rakshasa.
The water moccasin barely misses your rakshasa.
You impale the plant!!
The plant is heavily damaged.
You feel sick.
The black mamba bites you but does no damage.
The black mamba bites your rakshasa but does no damage.
Your rakshasa hits the black mamba with a whip!
The black mamba dies!
You block the soul eater's attack.
The black mamba bites you but does no damage.
The water moccasin bites your rakshasa but does no damage.
Your rakshasa closely misses the water moccasin.
The soul eater draws from the surrounding life force!
* * * LOW HITPOINT WARNING * * *
The soul eater is healed.
You block the black mamba's attack.
You feel sick.
The water moccasin barely misses your rakshasa.
The water moccasin misses your rakshasa.
The soul eater draws from the surrounding life force!
* * * LOW HITPOINT WARNING * * *
The soul eater is healed.
Your rakshasa closely misses the water moccasin.
You block the black mamba's attack. The water moccasin bites your rakshasa!
The black mamba closely misses you.
Your rakshasa blinks!
The soul eater draws from the surrounding life force!
* * * LOW HITPOINT WARNING * * *
The soul eater is healed.
You feel sick.
The black mamba bites you but does no damage.
There is a stone staircase leading up, spattered with blood here.
The black mamba barely misses you.
The black mamba bites you but does no damage.
You climb upwards.
You feel sick.
There is a stone staircase leading down here.
Evoke which item? (* to show all) (? for menu, Esc to quit)
You draw a card...
It is Pain.
You have drawn Pain.
Terrible wounds open up all over the black mamba's body!
The black mamba bites you!
* * * LOW HITPOINT WARNING * * *
The black mamba bites you but does no damage.
You swap places.
You feel sick.
The black mamba bites you but does no damage.
Your flayed ghost cries, "Feel what I felt!"
You miss the black mamba.
The black mamba is heavily wounded.
The black mamba barely misses you. The black mamba bites you!
* * * LOW HITPOINT WARNING * * *
You are lethally poisoned!
The black mamba poisons you!
Your flayed ghost hits the black mamba!
You miss the black mamba.
The black mamba is heavily wounded.
* * * LOW HITPOINT WARNING * * *
You feel sick.
The black mamba bites you but does no damage.
The black mamba bites you!
You die...
Your body glows with a rainbow of weird colours and disappears.

........P.#....P.##...P....#.....
.................................
..........................<......
.P..#..##.##...#..#...#..........
#...)#######..###................
#...†.###.#PP.P####...#..........
#.....##.#......##...............
...............WS.[..............
..>.............@................
....P.#..##...##.................
##..###.###...####...............
#...####.##...####............>..
#.....P.##PP..#..#.....(.........
.................................
.................................
#......#..#.....#................
##...####..#...###P..............


You could see a black mamba and a friendly flayed ghost.

Vanquished Creatures
  Rupert (Lair:5)
  Fannar (Lair:1)
  A catoblepas (Lair:5)
  2 two-headed ogres
  Sonja (Lair:3)
  An unseen horror (D:10)
  4 ugly things
  A deep elf mage (D:9)
  A cyclops (D:11)
  10 elephants
  A manticore (D:9)
  Joseph (Lair:1)
  4 black mambas
  3 gargoyles
  4 spiny frogs
  2 komodo dragons
  2 trolls (D:9)
  12 blink frogs
  A hornet (D:8)
  A dream sheep (Lair:5)
  3 hippogriffs
  5 wyverns
  A basilisk (D:8)
  34 yaks
  A hungry ghost (D:10)
  A steam dragon (D:8)
  2 nagas (Lair:2)
  2 soldier ants (D:8)
  9 water moccasins
  Duvessa (D:5)
  7 porcupines
  3 sky beasts
  An orc warrior (D:8)
  A phantom (D:7)
  3 black bears
  9 wolves
  The ghost of Mgcat the Chopper, an amateur BaFi (D:3)
  A necrophage (D:8)
  2 ogres
  4 crocodiles
  A centaur (D:6)
  16 bullfrogs
  Dowan (D:5)
  2 elf skeletons (D:8)
  A scorpion (D:11)
  A troll skeleton (D:8)
  2 electric eels
  2 centaur zombies
  A crimson imp (D:9)
  A human zombie (D:8)
  2 bullfrog zombies
  An orc priest (D:8)
  2 bullfrog skeletons
  4 hounds
  3 jellies
  2 iguanas (D:9)
  3 orc wizards
  5 worker ants
  4 hell rats (Lair:4)
  An ogre zombie (D:8)
  A hound zombie (D:9)
  A worker ant zombie (D:11)
  Robin (D:2)
  6 adders
  2 shadow imps
  An ooze (D:1)
  An adder skeleton (D:9)
  An adder zombie (D:5)
  3 worms
  A dart slug (D:4)
  5 leopard geckos
  20 orcs
  3 ball pythons
  4 bats
  2 giant cockroaches
  15 goblins
  11 hobgoblins
  9 jackals
  4 quokkas
  5 frilled lizards
  A jackal skeleton (D:4)
  6 kobolds
  A leopard gecko skeleton (D:4)
  A quokka skeleton (D:9)
  11 rats
  A fungus (Lair:5)
  A plant (Lair:1)
318 creatures vanquished.

Vanquished Creatures (collateral kills)
  Gastronok (D:8)
  4 hydras
  Erica (D:10)
  A two-headed ogre (D:9)
  A tengu warrior (D:9)
  Pikel (D:7)
  2 ugly things (D:9)
  A cyclops (D:9)
  A manticore (D:11)
  3 elephants
  2 black mambas
  A gargoyle (D:11)
  2 komodo dragons
  A spiny frog (Lair:5)
  2 trolls (D:11)
  A polar bear (Lair:4)
  6 dream sheep (Lair:5)
  2 hippogriffs
  2 blink frogs (Lair:1)
  2 spriggans (Lair:4)
  Grum (D:9)
  6 yaks
  A water moccasin (Lair:5)
  2 orc warriors
  A porcupine (Lair:5)
  3 sky beasts
  An ogre (D:7)
  2 wolves (D:9)
  4 crocodiles
  2 big kobolds
  2 bullfrogs
  2 scorpions
  2 wights (D:8)
  A crimson imp (D:9)
  A jelly (D:7)
  A human zombie (D:8)
  A human skeleton (D:8)
  An orc priest (D:7)
  3 orc wizards
  2 iguanas (D:11)
  A worker ant (D:9)
  An ogre skeleton (D:8)
  A mummy (D:8)
  An adder (D:11)
  A shadow imp (D:9)
  A kobold (D:11)
  A butterfly (Lair:1)
83 creatures vanquished.

Vanquished Creatures (others)
  A blink frog (Lair:1)
  A slave (D:7)
  A howler monkey (D:7)
  4 orc priests (D:8)
  A jelly (D:7)
  An orc wizard (D:8)
  A hound skeleton (D:8)
  2 ball lightnings (D:8)
  An orc (D:8)
  A quokka (D:8)
  A butterfly (D:7)
  A fungus (Lair:4)
  A plant (Lair:2)
17 creatures vanquished.

Grand Total: 418 creatures vanquished

Notes
Turn   | Place    | Note
-------+----------+-------------------------------------------
     0 | D:1      | Mgcat the Barachi Fighter began the quest for the Orb.
     0 | D:1      | Reached XP level 1. HP: 18/18 MP: 1/1
   133 | D:1      | Reached XP level 2. HP: 25/25 MP: 2/2
   600 | D:2      | Reached skill level 1 in Dodging
   600 | D:2      | Reached XP level 3. HP: 26/30 MP: 3/3
   613 | D:2      | Noticed Robin
   617 | D:2      | Reached skill level 4 in Fighting
   617 | D:2      | Reached skill level 4 in Armour
   638 | D:2      | HP: 6/30 [hobgoblin/club[Robin] (5)]
   640 | D:2      | HP: 1/30 [hobgoblin/club[Robin] (3)]
   843 | D:2      | Killed Robin
   938 | D:2      | Reached XP level 4. HP: 32/37 MP: 4/4
  1055 | D:2      | Reached skill level 3 in Axes
  1165 | D:2      | Reached skill level 2 in Dodging
  1200 | D:2      | Found a sacrificial altar of Ru.
  1430 | D:3      | Reached skill level 4 in Shields
  1466 | D:3      | Found a sparkling altar of Nemelex Xobeh.
  1481 | D:3      | Became a worshipper of Nemelex Xobeh the Trickster
  1493 | D:3      | Noticed Mgcat's ghost (amateur BaFi)
  1494 | D:3      | Received a gift from Nemelex Xobeh
  1505 | D:3      | Killed Mgcat's ghost
  1505 | D:3      | Reached XP level 5. HP: 42/43 MP: 3/5
  1578 | D:3      | Found a sacrificial altar of Ru.
  1961 | D:3      | Reached skill level 5 in Fighting
  2030 | D:4      | Reached skill level 3 in Dodging
  2074 | D:4      | Reached XP level 6. HP: 51/51 MP: 6/6
  2117 | D:4      | HP: 5/51 [ogre/giant spiked club (17)]
  2122 | D:4      | Reached skill level 4 in Axes
  2122 | D:4      | Reached skill level 1 in Invocations
  2504 | D:4      | Found a bloodstained altar of Trog.
  2504 | D:4      | Found a hide-covered altar of Uskayaw.
  2566 | D:4      | Found an opulent altar of Gozag.
  2720 | D:4      | Reached * piety under Nemelex Xobeh
  2905 | D:5      | Entered Level 5 of the Dungeon
  2923 | D:5      | Found a snail-covered altar of Cheibriados.
  2931 | D:5      | Found a glowing golden altar of the Shining One.
  2987 | D:5      | Reached skill level 2 in Invocations
  2987 | D:5      | Reached XP level 7. HP: 50/56 MP: 6/8
  2990 | D:5      | Noticed Duvessa
  2990 | D:5      | Noticed Dowan
  3016 | D:5      | Killed Duvessa
  3016 | D:5      | Reached skill level 4 in Dodging
  3022 | D:5      | Killed Dowan
  3022 | D:5      | Reached skill level 5 in Axes
  3295 | D:5      | Received a gift from Nemelex Xobeh
  3541 | D:4      | Found a glowing silver altar of Zin.
  3541 | D:4      | Found a stormy altar of Qazlal.
  3742 | D:6      | Got a coiled steel ring
  3743 | D:6      | Identified the ring "Ehapion" {Wiz rF+ Dex+2} (You found it on level 6 of the Dungeon)
  3822 | D:6      | Reached skill level 3 in Invocations
  3974 | D:6      | Reached skill level 6 in Axes
  3974 | D:6      | Reached XP level 8. HP: 62/62 MP: 10/10
  4061 | D:6      | Reached skill level 4 in Invocations
  4078 | D:6      | Got an ichor-stained scale mail
  4090 | D:6      | Identified the +6 scale mail "Erphak" {*Slow +Inv rC+++ Str-5} (You found it on level 6 of the Dungeon)
  4410 | D:7      | Reached ** piety under Nemelex Xobeh
  4439 | D:7      | Noticed Pikel
  4451 | D:7      | Killed Pikel
  4451 | D:7      | Reached skill level 7 in Axes
  4451 | D:7      | Reached skill level 5 in Invocations
  4484 | D:7      | Noticed a hippogriff
  4501 | D:7      | Killed a hippogriff
  4501 | D:7      | Reached skill level 8 in Axes
  4534 | D:7      | Found a staircase to the Ecumenical Temple.
  4553 | D:7      | Noticed a hippogriff
  4564 | D:7      | Killed a hippogriff
  4564 | D:7      | Reached XP level 9. HP: 55/68 MP: 9/12
  4566 | D:7      | Reached skill level 9 in Axes
  4697 | D:7      | Received a gift from Nemelex Xobeh
  5205 | D:8      | Reached skill level 10 in Axes
  5338 | D:8      | Received a gift from Nemelex Xobeh
  5409 | D:8      | Noticed an elephant
  5418 | D:8      | Killed an elephant
  5418 | D:8      | Reached skill level 5 in Armour
  5512 | D:8      | Reached skill level 5 in Shields
  5512 | D:8      | Reached skill level 6 in Fighting
  5545 | D:8      | Noticed Gastronok
  5555 | D:8      | Killed Gastronok
  5555 | D:8      | Reached skill level 6 in Armour
  5555 | D:8      | Reached skill level 6 in Shields
  5555 | D:8      | Reached XP level 10. HP: 42/77 MP: 10/13
  5557 | D:8      | Reached skill level 7 in Fighting
  5646 | D:8      | Reached skill level 11 in Axes
  5654 | D:8      | Found a basalt altar of Yredelemnul.
  5721 | D:8      | Found a white marble altar of Elyvilon.
  5853 | D:8      | Reached *** piety under Nemelex Xobeh
  5855 | D:8      | Found a staircase to the Lair.
  6083 | D:8      | Reached skill level 7 in Armour
  6239 | D:8      | Received a gift from Nemelex Xobeh
  6684 | D:9      | Noticed Grum
  6699 | D:9      | Killed Grum
  6963 | D:9      | Reached skill level 8 in Fighting
  6981 | D:9      | Received a gift from Nemelex Xobeh
  7122 | D:9      | Reached skill level 7 in Shields
  7133 | D:9      | Noticed a purple ugly thing
  7164 | D:9      | Killed a purple ugly thing
  7164 | D:9      | Reached XP level 11. HP: 28/86 MP: 6/15
  7371 | D:9      | Noticed a two-headed ogre
  7380 | D:9      | Killed a two-headed ogre
  7518 | D:9      | Reached skill level 8 in Armour
  7611 | D:9      | Noticed a purple ugly thing
  7612 | D:9      | Noticed a purple ugly thing
  7630 | D:9      | Noticed a cyan ugly thing
  7642 | D:9      | Killed a green ugly thing
  7650 | D:9      | Killed a purple ugly thing
  7650 | D:9      | Reached skill level 6 in Invocations
  7653 | D:9      | HP: 19/87 [red ugly thing (4)]
  7655 | D:9      | Killed a red ugly thing
  7660 | D:9      | HP: 18/87 [poisoned by a green ugly thing]
  7668 | D:9      | Noticed a two-headed ogre
  7668 | D:9      | HP: 18/87 [poisoned by a green ugly thing]
  7674 | D:9      | Noticed a deep elf mage
  7676 | D:9      | HP: 15/87 [two-headed ogre/giant club (5)]
  7682 | D:9      | Killed a two-headed ogre
  7699 | D:9      | HP: 17/87 [deep elf mage/short sword (1)]
  7705 | D:9      | Killed a deep elf mage
  7705 | D:9      | Reached skill level 9 in Fighting
  7958 | D:9      | Noticed a cyclops
  7961 | D:9      | Reached skill level 8 in Shields
  7977 | D:9      | Noticed a tengu warrior
  7980 | D:9      | Killed a cyclops
  8004 | D:9      | HP: 21/89 [tengu warrior/glaive of flaming (5)]
  8008 | D:9      | HP: 9/89 [tengu warrior/glaive of flaming (2)]
  8016 | D:9      | Killed a tengu warrior
  8016 | D:9      | Reached skill level 12 in Axes
  8082 | D:9      | Noticed a manticore
  8278 | D:9      | HP: 19/89 [manticore (4)]
  8281 | D:9      | HP: 8/89 [manticore (6)]
  8284 | D:9      | Killed a manticore
  8867 | D:10     | Entered Level 10 of the Dungeon
  9162 | D:10     | Noticed Erica
  9184 | D:10     | Killed Erica
  9585 | D:10     | Reached **** piety under Nemelex Xobeh
  9585 | D:10     | Received a gift from Nemelex Xobeh
  9650 | D:10     | Noticed a two-headed ogre
  9661 | D:10     | Killed a two-headed ogre
  9661 | D:10     | Reached skill level 9 in Armour
  9661 | D:10     | Reached skill level 1 in Evocations
  9690 | D:10     | Killed an unseen horror
  9781 | D:10     | Found Iluorijo's Magic Scroll Boutique.
  9831 | D:10     | Bought a scroll of brand weapon for 280 gold pieces
  9831 | D:10     | Bought a scroll of enchant armour for 105 gold pieces
  9921 | D:10     | Reached skill level 2 in Evocations
  9921 | D:10     | Reached XP level 12. HP: 93/96 MP: 17/17
 10135 | D:11     | HP: 24/97 [manticore/volley of spikes (8)]
 10226 | D:11     | Reached skill level 7 in Invocations
 10362 | D:11     | Received a gift from Nemelex Xobeh
 10503 | D:11     | Reached skill level 10 in Fighting
 10503 | D:11     | Reached skill level 3 in Evocations
 10515 | D:11     | Reached skill level 9 in Shields
 10767 | D:11     | Noticed a six-headed hydra
 10775 | D:11     | Killed a six-headed hydra
 10995 | Lair:1   | Entered Level 1 of the Lair of Beasts
 11046 | Lair:1   | Noticed a five-headed hydra
 11053 | Lair:1   | Killed a six-headed hydra
 11225 | Lair:1   | Reached skill level 10 in Armour
 11374 | Lair:1   | Got an ancient helmet
 11385 | Lair:1   | Identified the +5 helmet "Gip Kaatz" {rPois Str+6 Dex-4} (You found it on level 1 of the Lair of Beasts)
 11405 | Lair:1   | Received a gift from Nemelex Xobeh
 11461 | Lair:1   | Noticed Fannar
 11479 | Lair:1   | Killed Fannar
 11894 | Lair:1   | Received a gift from Nemelex Xobeh
 12230 | Lair:1   | Reached skill level 5 in Dodging
 12470 | Lair:1   | Noticed Joseph
 12494 | Lair:1   | Killed Joseph
 12734 | Lair:2   | Noticed an eight-headed hydra
 12743 | Lair:2   | Killed an eight-headed hydra
 12842 | Lair:2   | Reached ***** piety under Nemelex Xobeh
 12912 | Lair:2   | Gained mutation: You can hop long distances. [Barachi growth]
 12912 | Lair:2   | Reached XP level 13. HP: 95/104 MP: 16/18
 12987 | Lair:2   | Received a gift from Nemelex Xobeh
 13089 | Lair:2   | Found a staircase to the Snake Pit.
 13408 | Lair:3   | Reached skill level 13 in Axes
 13408 | Lair:3   | Reached skill level 8 in Invocations
 13441 | Lair:3   | Reached skill level 10 in Shields
 13447 | Lair:3   | Reached skill level 11 in Fighting
 13608 | Lair:3   | Noticed Sonja
 13635 | Lair:3   | Killed Sonja
 13726 | Lair:3   | Reached skill level 6 in Dodging
 13789 | Lair:3   | Found a staircase to the Shoals.
 13843 | Lair:3   | Received a gift from Nemelex Xobeh
 14176 | Lair:3   | Reached skill level 11 in Armour
 14294 | Lair:3   | Received a gift from Nemelex Xobeh
 14864 | Lair:4   | Received a gift from Nemelex Xobeh
 15398 | Lair:5   | Received a gift from Nemelex Xobeh
 15467 | Lair:5   | Found a shimmering altar of Xom.
 15467 | Lair:5   | Reached ****** piety under Nemelex Xobeh
 15512 | Lair:5   | HP: 26/106 [poisoned by a spiny frog]
 15517 | Lair:5   | HP: 24/106 [poisoned by a spiny frog]
 15524 | Lair:5   | HP: 23/106 [poisoned by a spiny frog]
 15530 | Lair:5   | HP: 22/106 [poisoned by a spiny frog]
 15538 | Lair:5   | HP: 22/106 [poisoned by a spiny frog]
 15851 | Lair:5   | Reached skill level 7 in Dodging
 16002 | Lair:5   | Received a gift from Nemelex Xobeh
 16043 | Lair:5   | Noticed Rupert
 16064 | Lair:5   | Killed Rupert
 16103 | Lair:5   | Got a steaming morningstar
 16104 | Lair:5   | Identified the +8 morningstar of Evil {pain, Int+2} (You found it on level 5 of the Lair of Beasts)
 16211 | Lair:5   | Reached XP level 14. HP: 33/114 MP: 6/20
 16867 | Lair:6   | Entered Level 6 of the Lair of Beasts
 16869 | Lair:6   | Reached skill level 9 in Invocations
 16874 | Lair:6   | Reached skill level 12 in Fighting
 16884 | Lair:6   | Reached skill level 11 in Shields
 16989 | Lair:6   | HP: 28/115 [soul eater/drain life[the player character] (2)]
 16994 | Lair:5   | HP: 14/115 [black mamba (5)]
 16996 | Lair:5   | HP: 6/115 [black mamba (8)]
 16997 | Lair:5   | Slain by a black mamba

Skill      XL: |  1  2  3  4  5  6  7  8  9 10 11 12 13 14 |
---------------+-------------------------------------------+-----
Dodging        | 1 2 3 4 5 7 |  7.5
Fighting       | 4 5 6 8 9 10 11 12 | 12.0
Armour         | 4 6 7 9 10 11 | 11.7
Axes           | 3 4 6 8 10 11 12 13 | 13.7
Shields        | 4 6 7 8 9 10 11 | 11.0
Invocations    | 2 3 5 6 7 8 9 |  9.0
Evocations     | 2 3 |  3.8

Action                   |  1- 3 |  4- 6 |  7- 9 | 10-12 | 13-15 || total
-------------------------+-------+-------+-------+-------+-------++-------
Melee: War axe           |    79 |       |    68 |   600 |   491 ||  1238
       Spear             |     9 |   217 |   176 |       |       ||   402
       Morningstar       |       |       |       |       |   101 ||   101
Invok: Triple Draw       |       |       |       |     3 |       ||     3
       Deal Four         |       |       |       |     1 |       ||     1
Evoke: Deck              |       |     4 |    13 |    32 |    21 ||    70
       Phial of floods   |       |       |       |     1 |       ||     1
  Use: Potion            |     2 |     2 |     1 |       |       ||     5
       Scroll            |       |     8 |     9 |    11 |     3 ||    31
 Stab: Distracted        |       |     1 |       |       |     1 ||     2
       Petrified         |       |       |       |     3 |       ||     3
  Eat: Chunk             |     1 |     7 |     6 |    17 |    12 ||    43
       Ration            |       |       |     1 |     3 |     1 ||     5
Armor: Scale mail        |    54 |    56 |    91 |   271 |   335 ||   807
Dodge: Dodged            |    38 |    36 |    66 |   213 |   296 ||   649
Block: Shield            |    43 |    64 |    84 |   315 |   427 ||   933

Vault maps used:
D:1:      scummos_arrival_simple_fountains
D:2:      st_stairs_4, nicolae_ru_path_of_blood, uniq_robin
D:3:      marbit_many_paths, old_standard_altar
D:4:      nicolae_overflow_hidden_temple, first_ration
D:5:      grunt_temple_overflow_open, uniq_duvessa
D:7:      minmay_temple_entry_butterflies, uniq_pikel
D:8:      lemuel_mausoleum_altar_yredelemnul, elyvilon_altar_4,
          david_lair_generic, serial_co_window_serial, co_window_paths_a,
          co_window_paths_a, co_window_corner_a, co_window_paths_a,
          co_window_corner_a, co_window_paths_b, co_window_paths_a,
          co_window_of_opportunity_a, co_window_paths_a,
          co_window_unsneaky_path_a, co_window_2corner, co_window_corner_ca,
          co_window_corner_b, glass_columns_c, glass_columns_a, glass_columns_a,
          hangedman_pestilent_swarm, uniq_gastronok
D:9:      minmay_the_grid_square_5x5_4x4, hangedman_decor_clover_reticule,
          uniq_grum
D:10:     serial_shops, shop, uniq_erica
D:11:     serial_bayou_crossing
Lair:1:   statuecave_lemuel, serial_bayou_shore_a, lemuel_fruit_tree,
          grunt_megastairs_2, infiniplex_staircase_pool_2, lemuel_fruit_fields,
          uniq_joseph, uniq_fannar
Lair:2:   guppyfry_snake_entry_garden, hangedman_lair_unloving_vines,
          serial_bayou_pond_e
Lair:3:   shoals_dummy_entry, beast_lair_carwin_8, uniq_sonja
Lair:4:   st_stairs_13, forest_entry_grove, grunt_megastairs_5
Lair:5:   basic_altar, serial_bayou_pond_e, serial_bayou_shore_b, uniq_rupert
Lair:6:   cheibrodos_lair_end_hotspot, slime_altar_1, worms_lemuel

Table legend:
 A = Turns spent in this place as a percentage of turns spent in the entire game.
 B = Non-inter-level travel turns spent in this place as a percentage of non-inter-level travel turns spent in the entire game.
 C = Inter-level travel turns spent in this place as a percentage of turns spent in this place.
 D = Turns resting spent in this place as a percentage of non-inter-level travel turns spent in this place.
 E = Turns spent auto-exploring this place as a percentage of non-inter-level travel turns spent in this place.
 F = Non-inter-level travel turns spent in this place divided by the number of levels of this place that you've seen.
                   A       B       C       D       E      F
               +-------+-------+-------+-------+-------+----------------------
         Total | 100.0 | 100.0 |   3.3 |   1.1 |  78.6 | 967.3
       Dungeon |  64.7 |  64.2 |   4.0 |   1.7 |  78.7 | 959.1
          Lair |  35.3 |  35.8 |   1.8 |   0.1 |  78.4 | 982.3
               +-------+-------+-------+-------+-------+----------------------

Table legend:
 A = Kills in this place as a percentage of kills in entire the game.
 B = Kills by you in this place as a percentage of kills by you in the entire game.
 C = Kills by friends in this place as a percentage of kills by friends in the entire game.
 D = Other kills in this place as a percentage of other kills in the entire game.
 E = Experience gained in this place as a percentage of experience gained in the entire game.
 F = Experience gained in this place divided by the number of levels of this place that you have seen.
                   A       B       C       D       E      F
               +-------+-------+-------+-------+-------+----------------------
         Total | 100.0 | 100.0 | 100.0 | 100.0 | 100.0 | 3491.4
       Dungeon |  63.1 |  61.4 |  67.1 |  87.5 |  41.2 | 2220.7
          Lair |  36.9 |  38.6 |  32.9 |  12.5 |  58.8 | 5820.8
               +-------+-------+-------+-------+-------+----------------------
